 Dungeon Crawl Stone Soup version 0.21-a0-522-ga8338f0 (webtiles) character file.

138 solxrula the Cudgeler (level 5, -1/52 HPs)
             Began as a Troll Berserker on Dec 7, 2017.
             Was a Believer of Trog.
             Slain by Duvessa
             ... wielding a +0 short sword
              (13 damage)
             ... on level 4 of the Dungeon.
             The game lasted 00:09:27 (2758 turns).

solxrula the Cudgeler (Troll Berserker)             Turns: 2758, Time: 00:09:28

Health: -1/52      AC:  6    Str: 26    XL:     5   Next: 1%
Magic:  4/4        EV: 10    Int:  3    God:    Trog [**....]
Gold:   163        SH:  0    Dex:  9    Spells: 4/4 levels left

rFire    + . .     SeeInvis .   a - +0 mace
rCold    . . .     Gourm    +   (no shield)
rNeg     . . .     Faith    +   g - +1 robe {rF+}
rPois    .         Spirit   .   (helmet restricted)
rElec    .         Reflect  .   (no cloak)
rCorr    +         Harm     .   (gloves unavailable)
MR       .....                  (boots unavailable)
Stlth    ..........             f - amulet of faith
HPRegen  0.57/turn              d - ring of loudness (curse)
MPRegen  0.09/turn              e - ring of resist corrosion

@: berserk cooldown, slowed, very slow
A: large, unfitting armour, claws 3, fast metabolism 3, gourmand, regeneration
1, shaggy fur 1, tough skin 2
a: Berserk, Trog's Hand, Burn Spellbooks, Renounce Religion


You were on level 4 of the Dungeon.
You worshipped Trog.
Trog was pleased with you.
You were not hungry.

You visited 1 branch of the dungeon, and saw 4 of its levels.

You collected 163 gold pieces.

Inventory:

Hand Weapons
 a - a +0 mace (weapon)
Armour
 b - a +0 animal skin
 g - a +1 robe of fire resistance (worn)
Jewellery
 d - a cursed ring of loudness (left claw)
 e - a ring of resist corrosion (right claw)
 f - an amulet of faith (around neck)
Potions
 i - 2 potions of ambrosia
Comestibles
 c - 4 bread rations


   Skills:
 + Level 2.9 Fighting
 * Level 4.3 Maces & Flails
 + Level 3.0 Dodging
 + Level 0.1 Stealth


You had 4 spell levels left.
You didn't know any spells.

Dungeon Overview and Level Annotations

Branches:
Dungeon (4/15)
 Temple: D:4-7

Altars:
Cheibriados
Dithmenos
Elyvilon
Gozag
Kikubaaqudgha
Wu Jian

Annotations:
D:4 Dowan, Duvessa


Innate Abilities, Weirdness & Mutations

You are too large for most types of armour.
You have claws for hands.
Your metabolism is lightning-fast.
You like to eat raw meat.
Your natural rate of healing is unusually fast.
You are covered in fur. (AC +1)
You have very tough skin. (AC +2)


Message History

Duvessa is heavily wounded.
Duvessa hits you with a short sword. x2; Duvessa hits you but does no damage.
You closely miss Duvessa.
Duvessa is heavily wounded.
Duvessa hits you with a short sword.
Dowan gestures wildly while chanting.
Dowan blinks!
Duvessa hits you with a short sword. Dowan casts a spell at you.
You resist with some effort.
You hit Duvessa.
Duvessa is severely wounded.
Duvessa hits you with a short sword! Duvessa hits you with a short sword.
* * * LOW HITPOINT WARNING * * *
Dowan barely misses you. Duvessa barely misses you.
Dowan hits you with a dagger of holy wrath.
* * * LOW HITPOINT WARNING * * *
You hit Duvessa.
Duvessa is severely wounded.
Duvessa hits you with a short sword!
You die...

### ..# ## #.# .( #.#
####.##.###################
#>.......e@e...............
.#####.###################
#..e..e.... ####
............. ....
####.#.######. .### #.#.#
#.#.# # #.# #.#


You could see Duvessa and Dowan.

Vanquished Creatures
  Terence (D:3)
  4 gnolls (D:3)
  An ooze (D:1)
  2 worms
  2 dart slugs
  2 leopard geckos
  A ball python (D:3)
  2 bat zombies (D:3)
  5 giant cockroaches
  7 goblins
  8 hobgoblins
  5 kobolds
  4 bats
  4 frilled lizards (D:1)
  A leopard gecko skeleton (D:4)
  4 rats
  3 rat zombies (D:3)
56 creatures vanquished.

Notes
Turn   | Place    | Note
-------+----------+-------------------------------------------
     0 | D:1      | solxrula the Troll Berserker began the quest for the Orb.
     0 | D:1      | Reached XP level 1. HP: 22/22 MP: 0/0
   370 | D:1      | Reached skill level 3 in Maces & Flails
   370 | D:1      | Reached XP level 2. HP: 29/29 MP: 1/1
   684 | D:1      | Reached XP level 3. HP: 33/36 MP: 2/2
   893 | D:2      | Found a shadowy altar of Dithmenos.
  1019 | D:2      | Found an opulent altar of Gozag.
  1729 | D:2      | Reached ** piety under Trog
  1825 | D:3      | Reached XP level 4. HP: 11/44 MP: 3/3
  1831 | D:3      | HP: 1/44 [gnoll (7)]
  1844 | D:3      | Reached skill level 4 in Maces & Flails
  1916 | D:3      | Found a white marble altar of Elyvilon.
  1986 | D:3      | Found an ornate altar of the Wu Jian Council.
  2160 | D:3      | Found an ancient bone altar of Kikubaaqudgha.
  2319 | D:3      | Noticed Terence
  2338 | D:3      | Killed Terence
  2676 | D:4      | Found a snail-covered altar of Cheibriados.
  2702 | D:4      | Reached XP level 5. HP: 52/52 MP: 4/4
  2728 | D:4      | Noticed Dowan
  2739 | D:4      | Noticed Duvessa
  2758 | D:4      | Slain by Duvessa

Vault maps used:
D:1:      minmay_arrival_five_plusses
D:2:      lemuel_round_altar, grunt_gozag_statues, minmay_misc_feat_tower,
          minmay_misc_feat_tiny, minmay_surrounded
D:3:      lemuel_zombie_altar_kikubaaqudgha, lemuel_round_altar,
          elyvilon_altar_5, first_bread, minivault_4, minmay_misc_feat_roman,
          uniq_terence
D:4:      cheibriados_altar_1, minmay_temple_entry_enclosed_plants,
          serial_park_tiny_pond, uniq_duvessa, uniq_robin, uniq_edmund,
          uniq_ijyb

Skill      XL: |  1  2  3  4 |
---------------+-------------+-----
Maces & Flails | 3 4 |  4.3
Dodging        | 3 |  3.0
Fighting       | |  2.9
Stealth        | |  0.1

Action                   |  1- 3 |  4- 6 || total
-------------------------+-------+-------++-------
Melee: Mace              |   125 |   101 ||   226
Invok: Berserk           |     1 |     2 ||     3
  Use: Scroll            |     4 |       ||     4
       Potion            |     2 |     1 ||     3
  Eat: Chunk             |    21 |     9 ||    30
Armor: Animal skin       |    25 |       ||    25
       Robe              |     6 |    40 ||    46
Dodge: Dodged            |    68 |    44 ||   112

Table legend:
 A = Spawn XP
 B = Non-spawn XP
 C = Spawn XP percentage of total XP
 D = Spawn monster count
 E = Non-spawn monster count
 F = Spawn count percentage of total count
 G = Total turns spent on level
                    A         B        C        D         E        F      G
               +---------+---------+-------+---------+---------+-------+---------
         Total |       0 |     198 |   0.0 |       0 |      56 |   0.0 |  2758
               +---------+---------+-------+---------+---------+-------+---------
           D:1 |       0 |      45 |   0.0 |       0 |      22 |   0.0 |   881
           D:2 |       0 |      18 |   0.0 |       0 |       8 |   0.0 |   854
           D:3 |       0 |     132 |   0.0 |       0 |      24 |   0.0 |   880
           D:4 |       0 |       3 |   0.0 |       0 |       2 |   0.0 |   143
               +---------+---------+-------+---------+---------+-------+---------
